 Dungeon Sprint DCSS version 0.17-a0-2002-g92c7e20 (webtiles) character file.

38482 Kidiri the Unseen (level 12, -2/51 HPs)
             Began as a Spriggan Enchanter on Oct 8, 2015.
             Was the Champion of Dithmenos.
             Succumbed to something's poison gas
             ... in the Dungeon (Sprint III: "The Ten Rune Challenge").
             The game lasted 00:20:31 (5121 turns).

Kidiri the Unseen (Spriggan Enchanter)              Turns: 5121, Time: 00:20:32

Health: -2/51      AC:  5    Str:  6    XL:     12   Next: 89%
Magic:  32/32      EV: 34    Int: 19    God:    Dithmenos [******]
Gold:   29         SH:  0    Dex: 19    Spells: 8 memorised, 7 levels left

rFire  + . .     SeeInvis +     n - +2 dagger (venom)
rCold  + . .     Clarity  .     v - +1 robe {rC+ rF+}
rNeg   . . .     SustAt   .     (shield restricted)
rPois  .         Gourm    .     (helmet restricted)
rElec  .         Spirit   .     (no cloak)
rCorr  .         Warding  .     (gloves unavailable)
rMut   .         NoTele   +     (boots unavailable)
MR     ++...                    (no amulet)
Stlth  ++++++++++               (no ring)
                                (no ring)

@: lethally poisoned (-2 -> -58), wreathed by umbra, very quick, very resistant
to hostile enchantments, uncannily stealthy
A: unfitting armour, icy blue scales 1, yellow scales 1, see invisible, blink,
deformed body, herbivore 3, speed 3, slow metabolism 2, strong 1
a: Blink, Shadow Step, Shadow Form, Renounce Religion
}: 1/10 runes: serpentine


You were in the Dungeon.
You worshipped Dithmenos.
Dithmenos was exalted by your worship.
You were not hungry.

You visited 1 branch You collected 29 gold pieces.

Inventory:

Hand Weapons
 n - a +2 dagger of venom (weapon)
Armour
 v - a +1 robe of resistance (worn)
Wands
 m - a wand of slowing (17)
Scrolls
 j - a scroll of blinking
 o - 2 scrolls of holy word
 q - 2 scrolls of remove curse
 t - a scroll of magic mapping {unknown}
Potions
 c - a potion of might
 g - 4 potions of haste
 h - 3 potions of magic
 r - 4 potions of cure mutation
 s - a potion of flight
Books
 l - a book of Annihilations

   Spells                             Type                      Level
   a - Poison Arrow                   Conjuration/Poison           6
   b - Chain Lightning                Conjuration/Air              8
   c - Lehudib's Crystal Spear        Conjuration/Earth            8
   d - Glaciate                       Conjuration/Ice              9
   e - Fire Storm                     Conjuration/Fire             9
Comestibles
 d - a bread ration
 k - 30 royal jellies
 u - 11 fruits


   Skills:
 * Level 14.2 Short Blades
 + Level 7.3 Armour
 * Level 18.1 Dodging
 * Level 19.3 Stealth
 * Level 15.4 Spellcasting
 + Level 7.0 Conjurations
 + Level 11.7 Hexes
 + Level 7.7 Ice Magic
 + Level 6.7 Air Magic
 + Level 5.0 Earth Magic
 + Level 8.4 Poison Magic
 - Level 2.4 Invocations


You had 7 spell levels left.
You knew the following spells:

 Your Spells              Type           Power        Failure   Level  Hunger
a - Corona                Hex            ######.      1%          1    None
b - Ensorcelled Hibernat  Hex/Ice        ######       1%          2    None
c - Confuse               Hex            ######..     1%          3    None
d - Tukima's Dance        Hex            ######..     1%          3    None
e - Dazzling Spray        Conj/Hex       ######..     1%          3    None
f - Poison Arrow          Conj/Pois      #####.....   28%         6    #####..
g - Chain Lightning       Conj/Air       #####.....   100%        8    #######
h - Lehudib's Crystal Sp  Conj/Erth      #####.....   100%        8    #######


Dungeon Overview and Level Annotations

Branches:
Dungeon (1/1)

Altars:
Cheibriados
Dithmenos
Elyvilon
Fedhas
Gozag
Kikubaaqudgha
Makhleb
Nemelex Xobeh
Okawaru
Qazlal
Ru
Sif Muna
Trog
Vehumet
Xom
Yredelemnul
Zin
The Shining One
Jiyva
Lugonu

Shops:
D [!:%(=


Innate Abilities, Weirdness & Mutations

You are tiny and cannot use many weapons and most armour.
You have supernaturally acute eyesight.
You are a herbivore.
You cover ground extremely quickly.
You need consume almost no food.
You are partially covered in icy blue scales (AC +1).
You are partially covered in yellow scales (AC +2).
You can translocate small distances at will.
Armour fits poorly on your strangely shaped body.
Your muscles are strong. (Str +2)


Message History

You feel very sick.
* * * LOW HITPOINT WARNING * * *
You feel very sick.
Drink which item? (? for menu, Esc to quit)
You feel much better.
You feel very sick.
You feel very sick.
* * * LOW HITPOINT WARNING * * *
You feel very sick.
* * * LOW HITPOINT WARNING * * *
You feel very sick.
* * * LOW HITPOINT WARNING * * *
You feel very sick.
* * * LOW HITPOINT WARNING * * *
You feel very sick.
There is an open door to the Swamp here.
* * * LOW HITPOINT WARNING * * *
You feel very sick.
You close the door.
You die...

#≈≈≈§≈≈≈≈≈♣♣♣♣♣♣♣#..♣♣
#≈≈≈§≈≈≈≈≈♣
###+♣♣♣♣♣♣♣
#+####'#######♣
♣♣♣♣.##..##≈
...............♣♣
♣...##.##.#≈
#+#############'♣
♣♣.##.##.##+
#≈...........♣
♣..#.##...#
.+≈≈...########♣♣
♣♣.##.##..#
J.#≈≈≈...........♣
♣♣.##.#####
J.#≈≈≈≈......@...♣
♣.....##... #
###########+####
########+## #.♣♣ #...
#♣.♣ #... ♣.♣♣ ####
♣♣D♣ ##.. ♣.♣♣ #...
♣≈♣♣ #..# ♣D§♣ #...


There were no monsters in sight!

Vanquished Creatures
  Rupert (D)
  Maud (D)
  A greater naga (D)
  Josephine (D)
  2 hydras (D)
  A naga warrior (D)
  A centaur warrior (D)
  4 anacondas (D)
  4 death yaks (D)
  An unseen horror (D)
  A death drake (D)
  A spriggan druid (D)
  A swamp dragon (D)
  A lindwurm (D)
  6 black mambas (D)
  2 spiny frogs (D)
  A komodo dragon (D)
  A guardian serpent (D)
  A fire drake (D)
  A deep elf priest (D)
  8 blink frogs (D)
  A queen bee (D)
  3 wandering mushrooms (D)
  A shadow (D)
  2 spriggans (D)
  3 redbacks (D)
  A spatial vortex (D)
  2 nagas (D)
  3 swamp drakes (D)
  4 water moccasins (D)
  A necrophage (D)
  2 centaurs (D)
  An earth elemental (D)
  2 brain worms (D)
  A water elemental (D)
  32 killer bees (D)
  An electric eel (D)
  A jelly (D)
  A wizard (D)
  Jessica (D)
  A necromancer (D)
  3 humans (D)
  A kobold demonologist (D)
  An adder (D)
  An ooze (D)
  A phantom (D)
  A rat (D)
  7 plants (D)
120 creatures vanquished.

Vanquished Creatures (others)
  2 draconian scorchers (D)
  2 dancing weapons (D)
  2 yaktaurs (D)
  4 plants (D)
10 creatures vanquished.

Grand Total: 130 creatures vanquished

Notes
Turn   | Place    | Note
--------------------------------------------------------------
     0 | D        | Kidiri the Spriggan Enchanter began the quest for the Orb.
     0 | D        | Reached XP level 1. HP: 9/9 MP: 5/5
    23 | D        | Noticed Jessica
    40 | D        | Killed Jessica
    40 | D        | Reached skill level 1 in Armour
    40 | D        | Reached skill level 6 in Stealth
    40 | D        | Reached XP level 2. HP: 10/13 MP: 5/8
    40 | D        | Reached XP level 3. HP: 12/16 MP: 5/9
    46 | D        | Learned a level 2 spell: Ensorcelled Hibernation
    50 | D        | Learned a level 3 spell: Confuse
    54 | D        | Learned a level 3 spell: Dazzling Spray
   123 | D        | Killed a yaktaur
   173 | D        | Killed a white draconian scorcher
   242 | D        | Reached skill level 5 in Dodging
   260 | D        | Gained mutation: You are partially covered in yellow scales (AC +2). [potion of mutation]
   260 | D        | Gained mutation: Armour fits poorly on your strangely shaped body. [potion of mutation]
   261 | D        | Gained mutation: Your muscles are strong. (Str +2) [potion of mutation]
   261 | D        | Gained mutation: You are partially covered in icy blue scales (AC +1). [potion of mutation]
   261 | D        | Gained mutation: You can translocate small distances at will. [potion of mutation]
   288 | D        | Killed a white draconian scorcher
   431 | D        | Noticed a water elemental
   434 | D        | Killed a water elemental
   434 | D        | Reached skill level 7 in Stealth
   434 | D        | Reached skill level 5 in Spellcasting
   434 | D        | Reached skill level 1 in Conjurations
   434 | D        | Reached skill level 1 in Ice Magic
   434 | D        | Reached XP level 4. HP: 21/21 MP: 10/12
   453 | D        | Learned a level 3 spell: Tukima's Dance
   461 | D        | Noticed a jelly
   462 | D        | Noticed a shadow
   510 | D        | Killed a shadow
   510 | D        | Reached skill level 5 in Short Blades
   510 | D        | Reached skill level 8 in Dodging
   510 | D        | Reached skill level 9 in Stealth
   510 | D        | Reached skill level 5 in Hexes
   510 | D        | Reached XP level 5. HP: 13/24 MP: 0/15
   510 | D        | Reached XP level 6. HP: 15/28 MP: 0/16
   679 | D        | Killed a jelly
   725 | D        | Found a stormy altar of Qazlal.
   726 | D        | Found a sacrificial altar of Ru.
   726 | D        | Found a burning altar of Makhleb.
   726 | D        | Found a viscous altar of Jiyva.
   726 | D        | Found a shimmering altar of Xom.
   726 | D        | Found a shadowy altar of Dithmenos.
   726 | D        | Found a sparkling altar of Nemelex Xobeh.
   726 | D        | Found a corrupted altar of Lugonu.
   726 | D        | Found an opulent altar of Gozag.
   726 | D        | Noticed a spatial vortex
   731 | D        | Became a worshipper of Dithmenos the Shadowed
   755 | D        | Killed a spatial vortex
   755 | D        | Reached skill level 10 in Stealth
   755 | D        | Reached skill level 1 in Invocations
   865 | D        | Found a radiant altar of Vehumet.
   866 | D        | Found a deep blue altar of Sif Muna.
   866 | D        | Found an ancient bone altar of Kikubaaqudgha.
   866 | D        | Noticed a wizard
   867 | D        | Killed a wizard
   910 | D        | Learned a level 6 spell: Poison Arrow
   920 | D        | Found a glowing silver altar of Zin.
   921 | D        | Found a glowing golden altar of the Shining One.
   921 | D        | Found a white marble altar of Elyvilon.
   921 | D        | Noticed a deep elf priest
   923 | D        | Killed a deep elf priest
   923 | D        | Reached skill level 1 in Poison Magic
   923 | D        | Reached XP level 7. HP: 32/32 MP: 17/19
   982 | D        | Found an iron altar of Okawaru.
   983 | D        | Found a bloodstained altar of Trog.
   983 | D        | Noticed a human
   983 | D        | Noticed a human
   985 | D        | Killed a human
   985 | D        | Reached skill level 10 in Dodging
   985 | D        | Reached skill level 11 in Stealth
   986 | D        | Killed a human
  1034 | D        | Found a basalt altar of Yredelemnul.
  1034 | D        | Found a snail-covered altar of Cheibriados.
  1034 | D        | Found a blossoming altar of Fedhas.
  1034 | D        | Noticed a necrophage
  1034 | D        | Noticed a necromancer
  1036 | D        | Killed a necromancer
  1036 | D        | Acquired Dithmenos's first power
  1037 | D        | Killed a necrophage
  1037 | D        | Reached XP level 8. HP: 36/36 MP: 22/22
  1112 | D        | Noticed Josephine
  1114 | D        | Killed Josephine
  1114 | D        | Reached skill level 12 in Stealth
  1114 | D        | Reached skill level 10 in Spellcasting
  1166 | D        | Learned a level 8 spell: Chain Lightning
  1193 | D        | Noticed an earth elemental
  1196 | D        | Killed a yaktaur
  1232 | D        | Killed an earth elemental
  1466 | D        | Noticed a centaur
  1466 | D        | Noticed a centaur warrior
  1466 | D        | Noticed a centaur
  1474 | D        | Killed a centaur
  1479 | D        | Killed a centaur warrior
  1479 | D        | Reached skill level 13 in Stealth
  1479 | D        | Reached skill level 1 in Air Magic
  1479 | D        | Reached XP level 9. HP: 39/39 MP: 13/24
  1487 | D        | Killed a centaur
  1487 | D        | Acquired Dithmenos's second power
  1600 | D        | Noticed an unseen horror
  1602 | D        | Killed an unseen horror
  1612 | D        | Noticed a killer bee
  1612 | D        | Noticed a killer bee
  1612 | D        | Noticed a killer bee
  1612 | D        | Noticed a killer bee
  1612 | D        | Noticed a killer bee
  1612 | D        | Noticed a killer bee
  1612 | D        | Noticed a killer bee
  1612 | D        | Noticed a killer bee
  1612 | D        | Noticed a killer bee
  1612 | D        | Noticed a killer bee
  1612 | D        | Noticed a killer bee
  1612 | D        | Noticed a killer bee
  1612 | D        | Noticed a killer bee
  1612 | D        | Noticed a killer bee
  1612 | D        | Noticed a killer bee
  1613 | D        | Noticed a killer bee
  1613 | D        | Noticed a queen bee
  1613 | D        | Noticed a killer bee
  1613 | D        | Noticed a killer bee
  1613 | D        | Noticed a killer bee
  1613 | D        | Noticed a killer bee
  1613 | D        | Noticed a killer bee
  1613 | D        | Noticed a killer bee
  1613 | D        | Noticed a killer bee
  1613 | D        | Noticed a killer bee
  1613 | D        | Noticed a killer bee
  1613 | D        | Noticed a killer bee
  1613 | D        | Noticed a killer bee
  1613 | D        | Noticed a killer bee
  1613 | D        | Noticed a killer bee
  1613 | D        | Noticed a killer bee
  1613 | D        | Noticed a killer bee
  1613 | D        | Noticed a killer bee
  1614 | D        | Killed a killer bee
  1615 | D        | Killed a killer bee
  1615 | D        | Reached skill level 5 in Ice Magic
  1622 | D        | Killed a killer bee
  1622 | D        | Acquired Dithmenos's third power
  1622 | D        | Reached skill level 14 in Stealth
  1624 | D        | Killed a killer bee
  1626 | D        | Killed a killer bee
  1633 | D        | Killed a killer bee
  1636 | D        | Killed a killer bee
  1638 | D        | Killed a killer bee
  1638 | D        | Reached skill level 10 in Short Blades
  1642 | D        | Killed a killer bee
  1642 | D        | Acquired Dithmenos's fourth power
  1644 | D        | Killed a killer bee
  1646 | D        | Killed a killer bee
  1648 | D        | Killed a killer bee
  1659 | D        | Killed a killer bee
  1667 | D        | Killed a killer bee
  1680 | D        | Killed a killer bee
  1691 | D        | Killed a killer bee
  1691 | D        | Reached XP level 10. HP: 39/44 MP: 1/26
  1699 | D        | Killed a killer bee
  1830 | D        | Killed a killer bee
  1832 | D        | Killed a killer bee
  1838 | D        | Killed a killer bee
  1840 | D        | Killed a killer bee
  1846 | D        | Killed a killer bee
  1846 | D        | Reached skill level 5 in Armour
  1848 | D        | Killed a killer bee
  1853 | D        | Killed a killer bee
  2103 | D        | Killed a killer bee
  2108 | D        | Killed a queen bee
  2110 | D        | Killed a killer bee
  2110 | D        | Reached skill level 5 in Poison Magic
  2112 | D        | Killed a killer bee
  2114 | D        | Killed a killer bee
  2117 | D        | Killed a killer bee
  2119 | D        | Killed a killer bee
  2139 | D        | Killed a killer bee
  2145 | D        | Killed a killer bee
  2376 | D        | Noticed a wandering mushroom
  2377 | D        | Noticed a wandering mushroom
  2377 | D        | Noticed a wandering mushroom
  2378 | D        | Killed a wandering mushroom
  2391 | D        | Killed a wandering mushroom
  2515 | D        | Killed a wandering mushroom
  2515 | D        | Reached skill level 15 in Stealth
  2609 | D        | Noticed a spiny frog
  2609 | D        | Noticed a komodo dragon
  2609 | D        | Noticed a spiny frog
  2815 | D        | Killed a spiny frog
  2815 | D        | Reached skill level 5 in Conjurations
  2818 | D        | Killed a spiny frog
  2821 | D        | Killed a komodo dragon
  2854 | D        | Noticed a redback
  2856 | D        | Killed a redback
  2857 | D        | Noticed a brain worm
  2861 | D        | Killed a brain worm
  2866 | D        | Noticed a brain worm
  2869 | D        | Killed a brain worm
  2875 | D        | Noticed a lindwurm
  2877 | D        | Noticed a redback
  2878 | D        | Killed a lindwurm
  2880 | D        | Killed a redback
  2886 | D        | Noticed a redback
  2887 | D        | Killed a redback
  2888 | D        | Noticed Maud
  2890 | D        | Killed Maud
  2890 | D        | Reached skill level 15 in Dodging
  2890 | D        | Reached skill level 16 in Stealth
  2890 | D        | Reached XP level 11. HP: 47/47 MP: 28/28
  2904 | D        | Learned a level 8 spell: Lehudib's Crystal Spear
  2906 | D        | Noticed an electric eel
  2907 | D        | Noticed a seven-headed hydra
  2907 | D        | Noticed a five-headed hydra
  2909 | D        | Killed an electric eel
  2911 | D        | Killed a seven-headed hydra
  2912 | D        | Killed a five-headed hydra
  2912 | D        | Reached skill level 1 in Earth Magic
  2955 | D        | Noticed a death drake
  2958 | D        | Killed a death drake
  2958 | D        | Reached skill level 10 in Hexes
  2968 | D        | Found a blossoming altar of Fedhas.
  2968 | D        | Noticed a spriggan
  2968 | D        | Noticed a spriggan druid
  2968 | D        | Noticed a spriggan
  2970 | D        | Killed a spriggan druid
  2971 | D        | Killed a spriggan
  2973 | D        | Killed a spriggan
  3201 | D        | Noticed an anaconda
  3202 | D        | Noticed an anaconda
  3202 | D        | Noticed a water moccasin
  3202 | D        | Noticed a black mamba
  3202 | D        | Noticed an anaconda
  3202 | D        | Noticed a black mamba
  3203 | D        | Killed an anaconda
  3203 | D        | Reached skill level 17 in Stealth
  3203 | D        | Reached skill level 5 in Air Magic
  3204 | D        | Killed an anaconda
  3206 | D        | Killed an anaconda
  3207 | D        | Killed a water moccasin
  3208 | D        | Killed a black mamba
  3210 | D        | Killed a black mamba
  3249 | D        | Noticed a black mamba
  3249 | D        | Noticed an anaconda
  3249 | D        | Noticed a water moccasin
  3250 | D        | Noticed a water moccasin
  3251 | D        | Killed a water moccasin
  3254 | D        | Killed an anaconda
  3255 | D        | Killed a black mamba
  3258 | D        | Killed a water moccasin
  3281 | D        | Noticed a black mamba
  3281 | D        | Noticed a water moccasin
  3283 | D        | Killed a black mamba
  3283 | D        | Reached XP level 12. HP: 51/51 MP: 26/31
  3285 | D        | Killed a water moccasin
  3308 | D        | Noticed a naga
  3308 | D        | Noticed a naga
  3309 | D        | Noticed a naga warrior
  3309 | D        | Noticed a greater naga
  3309 | D        | Found Casy's Food Shop.
  3309 | D        | Found Waipun's Antique Weapon Shoppe.
  3309 | D        | Found Meluyd's Jewellery Boutique.
  3310 | D        | Killed a naga
  3311 | D        | Killed a naga
  3527 | D        | Killed a greater naga
  3527 | D        | Reached skill level 18 in Stealth
  3816 | D        | Noticed a guardian serpent
  3826 | D        | Killed a naga warrior
  3828 | D        | Killed a guardian serpent
  3832 | D        | Got a serpentine rune of Zot
  4258 | D        | Noticed a swamp drake
  4258 | D        | Noticed a fire drake
  4259 | D        | Killed a fire drake
  4261 | D        | Killed a swamp drake
  4268 | D        | Noticed a blink frog
  4268 | D        | Noticed a blink frog
  4269 | D        | Noticed a blink frog
  4269 | D        | Noticed a blink frog
  4269 | D        | Noticed a blink frog
  4270 | D        | Killed a blink frog
  4271 | D        | Killed a blink frog
  4273 | D        | Killed a blink frog
  4280 | D        | Killed a blink frog
  4285 | D        | Killed a blink frog
  4442 | D        | Noticed Rupert
  4444 | D        | Killed Rupert
  4678 | D        | Noticed a death yak
  4679 | D        | Noticed a death yak
  4679 | D        | Noticed a blink frog
  4680 | D        | Noticed an azure jelly
  4680 | D        | Noticed a death yak
  4680 | D        | Noticed an azure jelly
  4680 | D        | Noticed a blink frog
  4680 | D        | Noticed a death yak
  4681 | D        | Killed a death yak
  4681 | D        | Reached skill level 15 in Spellcasting
  4682 | D        | Killed a death yak
  4683 | D        | Killed a blink frog
  4684 | D        | Noticed a blink frog
  4684 | D        | Noticed a black mamba
  4685 | D        | Killed a death yak
  4685 | D        | Reached skill level 19 in Stealth
  4686 | D        | Noticed a black mamba
  4687 | D        | Killed a death yak
  4688 | D        | Killed a blink frog
  4689 | D        | Killed a blink frog
  4858 | D        | Killed a black mamba
  4866 | D        | Killed a black mamba
  5090 | D        | Noticed a swamp drake
  5091 | D        | Noticed a swamp dragon
  5092 | D        | Killed a swamp drake
  5096 | D        | Noticed a swamp dragon
  5096 | D        | Noticed a swamp drake
  5097 | D        | Found Bomokim's Antique Armour Shoppe.
  5097 | D        | Found Lounih's Distillery.
  5097 | D        | Noticed a swamp dragon
  5097 | D        | Noticed a swamp dragon
  5099 | D        | Killed a swamp dragon
  5099 | D        | Reached skill level 5 in Earth Magic
  5101 | D        | Killed a swamp drake
  5103 | D        | Found Careig's Book Emporium.
  5120 | D        | HP: 2/51 [poisoned by something (poison gas)]
  5121 | D        | Succumbed to something's poison gas

Vault maps used:
D:        dungeon_sprint_mu

Action                   |  1- 3 |  4- 6 |  7- 9 | 10-12 || total
-------------------------+-------+-------+-------+-------++-------
Melee: Dagger            |    16 |    37 |    69 |   359 ||   481
 Cast: Corona            |     4 |       |       |       ||     4
       Dazzling Spray    |     2 |    10 |    12 |    24 ||    48
       Ensorcelled Hiber |     1 |     3 |    18 |    40 ||    62
       Tukima's Dance    |       |       |       |     3 ||     3
Invok: Shadow Step       |       |       |       |    14 ||    14
  Use: Scroll            |     2 |     1 |       |       ||     3
       Potion            |     2 |       |     1 |     5 ||     8
 Stab: Sleeping          |     5 |     4 |    16 |    68 ||    93
       Invisible         |       |       |     2 |     5 ||     7
  Eat: Bread ration      |       |       |       |     1 ||     1
